 Dungeon Crawl Stone Soup version 0.29.1-1-gd02db6906a (webtiles) character file.

Game seed: 14091982956868316482

1340 LabCoat the Trooper (level 8, 71/71 HPs)
             Began as a Hill Orc Fighter on Oct 16, 2022.
             Quit the game in the Ecumenical Temple.
             The game lasted 00:18:11 (4922 turns).

LabCoat the Trooper (Hill Orc Fighter)              Turns: 4922, Time: 00:18:12

Health: 71/71      AC: 13    Str: 21    XL:     8   Next: 62%
Magic:  8/8        EV: 10    Int:  8    God:
Gold:   274        SH:  5    Dex: 10    Spells: 7/7 levels left

rFire   + . .      SeeInvis .   a - +0 war axe
rCold   . . .      Faith    .   c - +0 buckler
rNeg    . . .      Spirit   .   b - +0 scale mail
rPois   .          Reflect  .   q - +1 helmet
rElec   .          Harm     .   m - +0 cloak
rCorr   .          Rampage  .   x - +0 pair of gloves
Will    .....                   (no boots)
Stlth   ..........              (no amulet)
HPRegen 0.21/turn               e - ring of protection from fire
MPRegen 0.11/turn               g - +4 ring of protection

@: no status effects
A: hooves 1, deformed body, deterioration 1
a: no special abilities


You were in the Ecumenical Temple.
You visited 2 branches of the dungeon, and saw 5 of its levels.
You also visited: Ossuary.

You collected 274 gold pieces.

Inventory:

Hand Weapons
 a - a +0 war axe (weapon)
 n - the +8 hammer "Hill Orc's Death" {chaos, rN+ Stlth+}
   (You found it on level 2 of the Dungeon)

   Each time it hits an enemy it has a different, random effect.
   rN:        It protects you from negative energy.
   Stlth:     It makes you more stealthy.
Missiles
 s - 6 poisoned darts (quivered)
Armour
 b - a +0 scale mail (worn)
 c - a +0 buckler (worn)
 m - a +0 cloak (worn)
 q - a +1 helmet (worn)
 x - a +0 pair of gloves (worn)
 A - a +0 plate armour
Jewellery
 e - a ring of protection from fire (left hand)
 g - a +4 ring of protection (right hand)
Wands
 d - a wand of roots (8)
Scrolls
 k - 4 scrolls of teleportation
 l - 2 scrolls of noise
 r - a scroll of vulnerability {unknown}
 t - a scroll of torment {unknown}
 u - 2 scrolls of butterflies
 y - a scroll of amnesia
 z - a scroll of brand weapon {unknown}
 B - a scroll of identify
Potions
 f - 6 potions of brilliance
 h - a potion of flight
 i - a potion of berserk rage
 j - a potion of attraction
 o - a potion of cancellation
 p - 2 potions of curing
 v - 2 potions of heal wounds
 w - a potion of resistance


   Skills:
 * Level 6.8 Fighting
 * Level 6.8 Axes
 + Level 2.7 Throwing
 + Level 4.9 Armour
 + Level 2.4 Dodging
 + Level 5.1 Shields
 + Level 3.1 Evocations


You had 7 spell levels left.
You didn't know any spells.
Your spell library contained the following spells:

 Spells                   Type           Power      Damage    Failure   Level
 Sandblast                Erth           0%         2d4       82%         1
 Passwall                 Tmut/Erth      0%         N/A       91%         2
 Stone Arrow              Conj/Erth      0%         3d7       99%         3
 Summon Lightning Spire   Summ/Air       0%         N/A       100%        4
 Storm Form               Tmut/Air       0%         N/A       100%        7
 Maxwell's Capacitive Co  Air            0%         ∞         100%        8


Dungeon Overview and Level Annotations

Branches:
Dungeon (4/15)             Temple (1/1) D:4         Ossuary (visited)

Altars:
Ashenzari
Cheibriados
Dithmenos
Fedhas
Hepliaklqana
Kikubaaqudgha
Makhleb
Nemelex Xobeh
Okawaru
Qazlal
Ru
Sif Muna
Uskayaw
Vehumet
Wu Jian
Xom
Yredelemnul
Zin
The Shining One

Shops:
D:2 (   D:3 :

Annotations:
D:3 1 runed translucent door, jaiteiro's ghost, amateur GnCj


Innate Abilities, Weirdness & Mutations

You have large cloven feet.
Armour fits poorly on your strangely shaped body.
Your body sometimes deteriorates upon taking damage.


Message History

The giant cockroach is moderately wounded.
The giant cockroach bites you but does no damage.
You slash the giant cockroach!
You kill the giant cockroach!
Things that are here:
a +0 spear; a gnoll corpse
Found 4 stones.
You see here 4 stones.
Found 8 stones.
Found a staircase to the Ecumenical Temple.
Found a stone staircase leading down.
(D) Dungeon (T) Temple
Where to? (Enter - D:4, ? - help)
There is a staircase to the Ecumenical Temple here.
You climb downwards.
Welcome to the Ecumenical Temple!
Found an ornate altar of the Wu Jian Council.
There is a staircase back to the Dungeon here.
Found a glowing silver altar of Zin and a basalt altar of Yredelemnul.
Found an ancient bone altar of Kikubaaqudgha.
Found a snail-covered altar of Cheibriados.
Found a shadowy altar of Dithmenos and a hide-covered altar of Uskayaw.
Found a blossoming altar of Fedhas.
There is a snail-covered altar of Cheibriados here.
Found a stormy altar of Qazlal.
There is a blossoming altar of Fedhas here.
Found a radiant altar of Vehumet.
There is a stormy altar of Qazlal here.
Found a sparkling altar of Nemelex Xobeh.
Found a shimmering blue altar of Sif Muna.
There is a sparkling altar of Nemelex Xobeh here.
Found a sacrificial altar of Ru.
Found an iron altar of Okawaru.
There is a shimmering blue altar of Sif Muna here.
Found a shimmering altar of Xom.
There is an iron altar of Okawaru here.
Done exploring.
Saving game... please wait.
Welcome back, LabCoat the Hill Orc Fighter.
Press ? for a list of commands and other information.
Are you sure you want to abandon this character and quit the game? (Confirm with "yes".)

##### #...# #.<.#
#####...##### #...##.##...#
#._......._.#
#####...#...#...#####
#...##.##._.##.##...#
#####._...@.#...#....._.###
#...#...#._.#####._.#...#..
#._....##...........##...._
#...#...#####._.#####...#..
#####._....##...##...._.###
#...#...#####...#...#
#####._......._.#####
#...#...#...# #####._.#####


There were no monsters in sight!

Vanquished Creatures
  A hornet zombie (Ossuary)
  2 phantoms (D:4)
  2 water moccasin zombies (Ossuary)
  5 bullfrog zombies (Ossuary)
  A centaur zombie (Ossuary)
  An orc priest (D:4)
  Crazy Yiuf (D:2)
  An iguana (D:4)
  Natasha (thrice) (D:2)
  An orc wizard (D:4)
  A killer bee zombie (Ossuary)
  17 mummies (Ossuary)
  2 howler monkey zombies (Ossuary)
  4 adders
  11 gnolls
  A shadow imp (D:4)
  2 worms
  A dart slug (D:3)
  8 orcs
  10 endoplasms
  3 giant cockroaches
  7 goblins
  3 hobgoblins
  8 kobolds
  8 quokkas
  7 ball pythons
  8 bats
  3 frilled lizards (D:1)
  10 rats
132 creatures vanquished.

Vanquished Creatures (others)
  8 withered plants (Ossuary)
8 creatures vanquished.

Grand Total: 140 creatures vanquished

Notes
Turn   | Place    | Note
-------+----------+-------------------------------------------
     0 | D:1      | LabCoat the Hill Orc Fighter began the quest for the Orb.
     0 | D:1      | Reached XP level 1. HP: 19/19 MP: 1/1
    33 | D:1      | Found a faded altar of an unknown god.
   284 | D:1      | Reached XP level 2. HP: 26/27 MP: 2/2
   795 | D:2      | Reached XP level 3. HP: 33/33 MP: 3/3
  1072 | D:2      | Found an ancient bone altar of Kikubaaqudgha.
  1072 | D:2      | Noticed Natasha
  1088 | D:2      | Killed Natasha
  1089 | D:2      | Reached skill level 1 in Evocations
  1089 | D:2      | Reached XP level 4. HP: 33/40 MP: 4/4
  1202 | D:2      | Found Otsuisia's Weapon Shop.
  1399 | D:2      | Noticed Natasha
  1411 | D:2      | Killed Natasha
  1558 | D:2      | Found a runed translucent door.
  1559 | D:2      | Noticed Crazy Yiuf
  1566 | D:2      | Killed Crazy Yiuf
  1567 | D:2      | Reached skill level 1 in Throwing
  1567 | D:2      | Reached skill level 1 in Dodging
  1567 | D:2      | Reached XP level 5. HP: 25/47 MP: 5/5
  1575 | D:2      | Identified the +8 hammer "Hill Orc's Death" {chaos, rN+
                  | Stlth+}
  1838 | D:2      | Noticed Natasha
  1845 | D:2      | Killed Natasha
  2254 | D:3      | Found a glowing golden altar of the Shining One.
  2254 | D:3      | Found a burning altar of Makhleb.
  2254 | D:3      | Found a hazy altar of Hepliaklqana.
  2289 | D:3      | Noticed jaiteiro's ghost (amateur GnCj)
  2293 | D:3      | Found a runed translucent door.
  2625 | D:3      | Reached XP level 6. HP: 54/55 MP: 6/6
  2670 | D:3      | Found Qedasoid's Book Shop.
  2764 | D:3      | Found a broken altar of Ashenzari.
  3196 | D:4      | Found a sand-covered staircase.
  3209 | Ossuary  | Entered an ossuary
  3219 | Ossuary  | Reached skill level 5 in Fighting
  3414 | Ossuary  | Reached skill level 5 in Axes
  3416 | Ossuary  | Reached XP level 7. HP: 30/61 MP: 7/7
  3433 | Ossuary  | Gained mutation: Armour fits poorly on your strangely
                  | shaped body. [potion of mutation]
  3433 | Ossuary  | Gained mutation: You have large cloven feet. [potion of
                  | mutation]
  3433 | Ossuary  | Gained mutation: Your body sometimes deteriorates upon
                  | taking damage. [potion of mutation]
  3865 | Ossuary  | Reached XP level 8. HP: 63/70 MP: 8/8
  4681 | D:4      | Reached skill level 5 in Shields
  4805 | D:4      | Found a staircase to the Ecumenical Temple.
  4877 | Temple   | Entered the Ecumenical Temple
  4922 | Temple   | Quit the game

Illustrated notes

Levels and vault maps discovered:
D:1:      lightli_arrival_windingriver, layout_loops_ring,
          nicolae_ecumenical_snake_handling
D:2:      layout_loops_ring, serial_shops, nicolae_lakefront_shop, basic_altar,
          minmay_rat_gold_closets, uniq_crazy_yiuf_cottage, uniq_natasha
D:3:      layout_loops_corners, chequers_temple_overflow_statue_of_worship,
          evilmike_ruin_ashenzari, hellmonk_ghost_happy_afterlife, serial_shops,
          shop_coins, chequers_serial_rivers_room_b, hangedman_decor_riveting,
          chequers_mini_garden, serial_bayou_pond_e
D:4:      layout_rooms, temple_hall, nicolae_ossuary_entry_ruins
Temple:   eino_wide_crystal_templ

Skill      XL: |  1  2  3  4  5  6  7  8 |
---------------+-------------------------+-----
Axes           | 3 4 5 6 |  6.8
Fighting       | 4 5 6 |  6.8
Evocations     | 1 2 3 |  3.1
Throwing       | 1 2 |  2.7
Dodging        | 1 2 |  2.4
Shields        | 4 5 |  5.1
Armour         | 4 |  4.9

Action                   |  1- 3 |  4- 6 |  7- 9 || total
-------------------------+-------+-------+-------++-------
Melee: War axe           |    76 |   187 |   181 ||   444
       Kick              |       |       |    45 ||    45
Throw: Dart              |       |     9 |     2 ||    11
  Use: Scroll            |     1 |     5 |     5 ||    11
       Potion            |       |     2 |     6 ||     8
Armor: Scale mail        |    35 |   105 |    84 ||   224
       Skin              |       |       |     7 ||     7
Dodge: Dodged            |    34 |    99 |    82 ||   215
Block: Buckler           |    20 |    29 |    32 ||    81
